 Dungeon Crawl Stone Soup version 0.21-a0-518-g43a1781 (webtiles) character file.

36 tsouns the Sneak (level 3, -1/28 HPs)
             Began as a Demonspawn Assassin on Dec 4, 2017.
             Slain by a worm (10 damage)
             ... on level 2 of the Dungeon.
             The game lasted 00:02:48 (1127 turns).

tsouns the Sneak (Demonspawn Assassin)              Turns: 1127, Time: 00:02:49

Health: -1/28      AC:  3    Str: 12    XL:     3   Next: 19%
Magic:  3/3        EV: 11    Int: 12    God:
Gold:   56         SH:  0    Dex: 14    Spells: 2/2 levels left

rFire    . . .     SeeInvis .   j - +1 hand axe (chop)
rCold    . . .     Gourm    .   (no shield)
rNeg     . . .     Faith    .   c - +0 robe
rPois    .         Spirit   .   (no helmet)
rElec    .         Reflect  .   d - +0 cloak
rCorr    .         Harm     .   (no gloves)
MR       .....                  (no boots)
Stlth    +++++.....             h - amulet of magic regeneration
HPRegen  0.09/turn              (no ring)
MPRegen  0.33/turn              (no ring)

@: no status effects
A: nightstalker 2
a: no special abilities


You were on level 2 of the Dungeon.
You were not hungry.

You visited 1 branch of the dungeon, and saw 2 of its levels.

You collected 56 gold pieces.

Inventory:

Hand Weapons
 a - a +2 dagger
 b - a +0 blowgun
 j - a +1 hand axe of chopping (weapon)
Missiles
 e - 8 poisoned needles
 f - 2 curare-tipped needles
Armour
 c - a +0 robe (worn)
 d - a +0 cloak (worn)
 l - a +0 ring mail
Jewellery
 h - an amulet of magic regeneration (around neck)
Scrolls
 m - 2 scrolls of identify {unknown}
 o - a scroll of enchant armour {unknown}
Potions
 i - a potion of cancellation {unknown}
 k - a potion of magic {unknown}
Comestibles
 g - a bread ration
 n - 8 chunks of flesh
 p - a meat ration


   Skills:
 + Level 2.9 Fighting
 - Level 2.1 Short Blades
 * Level 0.7 Axes
 - Level 1.7 Throwing
 - Level 0.8 Dodging
 - Level 3.9 Stealth


You had 2 spell levels left.
You didn't know any spells.

Dungeon Overview and Level Annotations

Branches:
Dungeon (2/15)

Altars:


Innate Abilities, Weirdness & Mutations

You are significantly more attuned to the shadows.


Message History

You are too injured to fight recklessly!
You are too injured to fight recklessly!
You are too injured to fight recklessly!
You are too injured to fight recklessly!
You barely miss the bat. The bat hits you but does no damage.
The bat barely misses you.
You barely miss the bat. The bat barely misses you. The bat hits you.
The bat closely misses you.
You closely miss the bat. The bat hits you but does no damage.
The bat hits you.
You miss the bat. The bat hits you but does no damage. x2
The bat completely misses you. The bat hits you.
You hit the bat.
The bat is severely wounded.
The bat misses you. The bat hits you. The bat hits you but does no damage.
You hit the bat.
You kill the bat!
The worm bites you!
You die...

.......# .......#
.......# .......#
......(#
.......############
.......'....##....#
.......####.##....#
######## #.##..@.#
#.##.w..# #.##....#
#.##....#
########.##....#
#........#.......
#.########.....##
#.#..........>...
#.#.######.######


You could see a worm.

Vanquished Creatures
  A gnoll (D:1)
  A leopard gecko (D:1)
  A giant cockroach (D:1)
  4 goblins
  4 hobgoblins
  5 kobolds
  2 bats
  3 frilled lizards
  6 rats
27 creatures vanquished.

Notes
Turn   | Place    | Note
-------+----------+-------------------------------------------
     0 | D:1      | tsouns the Demonspawn Assassin began the quest for the Orb.
     0 | D:1      | Reached XP level 1. HP: 16/16 MP: 1/1
   212 | D:1      | Gained mutation: You are slightly more attuned to the shadows. [demonic ancestry]
   212 | D:1      | Reached XP level 2. HP: 23/23 MP: 2/2
   966 | D:2      | Gained mutation: You are significantly more attuned to the shadows. [demonic ancestry]
   966 | D:2      | Reached XP level 3. HP: 22/28 MP: 3/3
  1127 | D:2      | Slain by a worm

Vault maps used:
D:1:      minmay_arrival_four_circles
D:2:      minmay_diamond_boxcup, uniq_jessica

Skill      XL: |  1 |
---------------+----+-----
Short Blades   | 2 |  2.1
Fighting       | |  2.9
Axes           | |  0.7
Throwing       | |  1.7
Dodging        | |  0.8
Stealth        | |  3.9

Action                   || total
-------------------------++-------
Melee: Dagger            ||    46
       Hand axe          ||    36
 Stab: Sleeping          ||     5
  Eat: Chunk             ||     1
Armor: Robe              ||    23
       Ring mail         ||     3
Dodge: Dodged            ||    35

Table legend:
 A = Spawn XP
 B = Non-spawn XP
 C = Spawn XP percentage of total XP
 D = Spawn monster count
 E = Non-spawn monster count
 F = Spawn count percentage of total count
 G = Total turns spent on level
                    A         B        C        D         E        F      G
               +---------+---------+-------+---------+---------+-------+---------
         Total |       0 |      52 |   0.0 |       0 |      27 |   0.0 |  1127
               +---------+---------+-------+---------+---------+-------+---------
           D:1 |       0 |      37 |   0.0 |       0 |      16 |   0.0 |   946
           D:2 |       0 |      15 |   0.0 |       0 |      11 |   0.0 |   181
               +---------+---------+-------+---------+---------+-------+---------
